[ AOE2 MATCH · #468674182 ]
UnrankedMongols vs Khmer
[ REPLAY ANALYSIS · EXTRACTED FROM THE RECORDED GAME ]
Feudal
10:20
Castle
20:53
Imperial
34:08
| APM avg | 6.9 |
| APM peak | 32 |
| eAPM avg | 6.4 |
| Villagers / military | 192 / 1 |
Focus
⚔️ 9.3% · 🌾 90.7%
Trade Cart ×17 · Monk ×1
Feudal
9:42
Castle
13:12
Imperial
31:48
| APM avg | 33.6 |
| APM peak | 125 |
| eAPM avg | 26.4 |
| Villagers / military | 270 / 184 |
Focus
⚔️ 14.6% · 🌾 85.4%
Trade Cart ×140 · Bombard Cannon ×108 · Janissary ×75 · Monk ×1
Feudal
8:26
Castle
12:05
Imperial
26:20
| APM avg | 29.0 |
| APM peak | 114 |
| eAPM avg | 20.4 |
| Villagers / military | 216 / 22 |
Focus
⚔️ 13.0% · 🌾 87.0%
Trade Cart ×211 · Knight ×7 · Bombard Cannon ×5 · Mangonel ×4 · Monk ×2 · Militia ×2
Feudal
10:25
Castle
16:00
Imperial
29:29
| APM avg | 21.8 |
| APM peak | 62 |
| eAPM avg | 17.1 |
| Villagers / military | 187 / 605 |
Focus
⚔️ 35.0% · 🌾 65.0%
Knight ×287 · Conquistador ×160 · Trade Cart ×81 · Skirmisher ×70 · Spearman ×35 · Battering Ram ×23
Feudal
—
Castle
—
Imperial
—
| APM avg | 14.7 |
| APM peak | 45 |
| eAPM avg | 14.3 |
| Villagers / military | 116 / 393 |
Focus
⚔️ 50.2% · 🌾 49.8%
Knight ×328 · Trade Cart ×81 · War Elephant ×65
Feudal
9:11
Castle
14:31
Imperial
31:28
| APM avg | 17.4 |
| APM peak | 86 |
| eAPM avg | 13.5 |
| Villagers / military | 123 / 280 |
Focus
⚔️ 52.2% · 🌾 47.8%
Knight ×134 · Spearman ×52 · Skirmisher ×44 · Trade Cart ×44 · Scorpion ×23 · Teutonic Knight ×15
Feudal
9:29
Castle
14:23
Imperial
30:37
| APM avg | 32.2 |
| APM peak | 79 |
| eAPM avg | 21.2 |
| Villagers / military | 204 / 261 |
Focus
⚔️ 25.7% · 🌾 74.3%
Battle Elephant ×182 · Trade Cart ×54 · Scorpion ×47 · Ballista Elephant ×18 · Battering Ram ×14
Feudal
11:57
Castle
18:02
Imperial
45:09
| APM avg | 33.2 |
| APM peak | 266 |
| eAPM avg | 30.0 |
| Villagers / military | 165 / 375 |
Focus
⚔️ 34.7% · 🌾 65.3%
Mangonel ×137 · Trade Cart ×122 · Cavalry Archer ×97 · Scorpion ×73 · Spearman ×57 · Battering Ram ×10
Match map
Initial resources + every placement click. Lines = walls · curves = elevation contours. ◆ gold · ⬟ stone · ● berries · ✦ relic · ◌ wall gap
Inputs per minute
— IsaacNewton - - SunZong
Build order — IsaacNewton
First 150 of 287 actions detected
| 0:19 | Research | Loom |
| 0:19 | Create | Villager (Male) |
| 0:20 | Create | Villager (Male) |
| 0:20 | Create | Villager (Male) |
| 0:20 | Create | Villager (Male) |
| 0:21 | Create | Villager (Male) |
| 1:44 | Build | House |
| 1:45 | Build | House |
| 1:46 | Build | House |
| 1:54 | Create | Villager (Male) |
| 1:54 | Create | Villager (Male) |
| 1:55 | Create | Villager (Male) |
| 2:19 | Create | Villager (Male) |
| 2:27 | Build | House |
| 2:29 | Build | House |
| 2:31 | Build | House |
| 2:37 | Build | Lumber Camp |
| 3:43 | Create | Villager (Male) |
| 3:43 | Create | Villager (Male) |
| 3:43 | Create | Villager (Male) |
| 3:44 | Create | Villager (Male) |
| 4:26 | Build | Mill |
| 5:10 | Create | Villager (Male) |
| 5:10 | Create | Villager (Male) |
| 6:27 | Build | Mill |
| 6:42 | Create | Villager (Male) |
| 6:42 | Create | Villager (Male) |
| 7:24 | Build | Lumber Camp |
| 7:45 | Create | Villager (Male) |
| 7:46 | Create | Villager (Male) |
| 8:09 | Research | Feudal Age |
| 8:17 | Build | Mining Camp |
| 8:53 | Create | Villager (Male) |
| 8:54 | Create | Villager (Male) |
| 8:55 | Create | Villager (Male) |
| 8:55 | Create | Villager (Male) |
| 10:20 | Age | Feudal Age |
| 10:31 | Research | Double-Bit Axe |
| 10:37 | Research | Gold Mining |
| 10:40 | Research | Horse Collar |
| 11:07 | Build | Market |
| 11:10 | Build | Market |
| 11:15 | Build | Lumber Camp |
| 11:23 | Research | Wheelbarrow |
| 11:52 | Create | Villager (Male) |
| 11:52 | Create | Villager (Male) |
| 11:52 | Create | Villager (Male) |
| 11:53 | Create | Villager (Male) |
| 12:09 | Build | Mining Camp |
| 12:30 | Build | Blacksmith |
| 12:39 | Build | House |
| 12:41 | Build | House |
| 12:47 | Build | House |
| 12:49 | Build | House |
| 13:34 | Build | Mill |
| 13:41 | Build | Farm |
| 13:43 | Build | Farm |
| 13:44 | Build | Farm |
| 14:12 | Build | Mill |
| 14:16 | Create | Villager (Male) |
| 14:16 | Create | Villager (Male) |
| 14:17 | Create | Villager (Male) |
| 14:17 | Create | Villager (Male) |
| 14:35 | Build | Farm |
| 14:47 | Build | Farm |
| 14:53 | Build | Farm |
| 15:03 | Build | Farm |
| 15:12 | Build | Farm |
| 15:30 | Build | Farm |
| 15:59 | Build | Farm |
| 16:02 | Build | Farm |
| 16:04 | Build | Farm |
| 16:29 | Build | Farm |
| 16:34 | Build | Farm |
| 16:40 | Build | Farm |
| 16:50 | Build | House |
| 16:51 | Build | House |
| 16:52 | Build | House |
| 16:53 | Build | House |
| 16:58 | Create | Villager (Male) |
| 16:58 | Create | Villager (Male) |
| 16:58 | Create | Villager (Male) |
| 16:58 | Create | Villager (Male) |
| 17:11 | Build | Mill |
| 17:15 | Build | Farm |
| 17:17 | Build | Farm |
| 17:19 | Build | Farm |
| 17:24 | Build | Farm |
| 17:40 | Build | Farm |
| 17:49 | Build | Farm |
| 18:03 | Research | Castle Age |
| 18:20 | Build | Mining Camp |
| 18:45 | Build | Mining Camp |
| 19:05 | Create | Trade Cart |
| 19:06 | Create | Trade Cart |
| 19:14 | Build | Palisade Wall |
| 19:15 | Build | Palisade Wall |
| 19:20 | Build | Building 490 |
| 19:21 | Build | Building 490 |
| 19:26 | Create | Villager (Male) |
| 19:26 | Create | Villager (Male) |
| 19:26 | Create | Villager (Male) |
| 19:26 | Create | Villager (Male) |
| 19:42 | Research | Stone Mining |
| 20:53 | Age | Castle Age |
| 20:54 | Create | Villager (Male) |
| 20:54 | Create | Villager (Male) |
| 21:00 | Research | Bow Saw |
| 21:04 | Research | Heavy Plow |
| 21:10 | Build | Town Center |
| 21:27 | Build | Lumber Camp |
| 22:19 | Build | House |
| 22:22 | Build | Lumber Camp |
| 22:32 | Create | Villager (Male) |
| 22:33 | Create | Villager (Male) |
| 22:33 | Create | Villager (Male) |
| 22:33 | Create | Villager (Male) |
| 22:34 | Create | Villager (Male) |
| 22:34 | Create | Villager (Male) |
| 22:57 | Build | Town Center |
| 23:01 | Create | Villager (Male) |
| 23:01 | Create | Villager (Male) |
| 23:02 | Create | Villager (Male) ×5 |
| 23:03 | Create | Villager (Male) ×5 |
| 23:03 | Create | Villager (Male) ×5 |
| 23:03 | Create | Villager (Male) ×5 |
| 23:03 | Create | Villager (Male) ×3 |
| 23:18 | Build | Farm |
| 23:20 | Build | Farm |
| 23:22 | Build | Farm |
| 23:59 | Build | Lumber Camp |
| 24:22 | Build | House |
| 24:23 | Build | House |
| 24:28 | Research | Hand Cart |
| 24:35 | Research | Stone Shaft Mining |
| 25:28 | Build | Town Center |
| 25:37 | Build | House |
| 25:38 | Build | House |
| 25:38 | Build | House |
| 25:39 | Build | House |
| 25:43 | Build | House |
| 25:44 | Build | House |
| 25:45 | Build | House |
| 25:50 | Build | House |
| 25:51 | Build | House |
| 25:53 | Build | House |
| 25:53 | Build | House |
| 25:54 | Build | House |
| 25:55 | Build | House |
| 25:56 | Build | House |
Build order — SunZong
First 150 of 761 actions detected
| 0:02 | Create | Villager (Male) |
| 0:02 | Create | Villager (Male) |
| 0:02 | Create | Villager (Male) |
| 0:02 | Create | Villager (Male) |
| 0:11 | Build | Lumber Camp |
| 0:38 | Build | House |
| 0:39 | Build | House |
| 0:40 | Build | House |
| 0:59 | Create | Villager (Male) |
| 1:33 | Create | Villager (Male) |
| 1:33 | Create | Villager (Male) |
| 1:47 | Create | Villager (Male) |
| 2:21 | Create | Villager (Male) |
| 2:21 | Create | Villager (Male) |
| 3:14 | Create | Villager (Male) |
| 3:15 | Create | Villager (Male) |
| 3:54 | Build | Mill |
| 4:18 | Create | Villager (Male) |
| 4:59 | Create | Villager (Male) |
| 4:59 | Create | Villager (Male) |
| 4:59 | Create | Villager (Male) |
| 5:00 | Create | Villager (Male) |
| 5:00 | Create | Villager (Male) |
| 5:06 | Build | Mining Camp |
| 5:11 | Create | Villager (Male) |
| 5:12 | Create | Villager (Male) |
| 7:28 | Research | Feudal Age |
| 8:00 | Create | Villager (Male) |
| 8:01 | Create | Villager (Male) |
| 9:21 | Build | Lumber Camp |
| 9:42 | Age | Feudal Age |
| 9:44 | Build | Blacksmith |
| 9:48 | Build | Market |
| 10:14 | Research | Double-Bit Axe |
| 10:22 | Research | Castle Age |
| 11:07 | Build | Mining Camp |
| 11:15 | Build | Farm |
| 11:16 | Build | Farm |
| 11:18 | Research | Horse Collar |
| 11:57 | Build | Farm |
| 12:03 | Build | Farm |
| 12:09 | Build | Farm |
| 12:18 | Build | Farm |
| 12:26 | Build | House |
| 12:27 | Build | House |
| 12:28 | Build | House |
| 12:36 | Research | Stone Mining |
| 12:50 | Create | Villager (Male) |
| 12:56 | Research | Wheelbarrow |
| 13:12 | Age | Castle Age |
| 13:23 | Build | Town Center |
| 13:27 | Create | Villager (Male) |
| 13:33 | Research | Bow Saw |
| 13:45 | Create | Villager (Male) |
| 13:46 | Create | Villager (Male) |
| 13:46 | Create | Villager (Male) |
| 14:13 | Build | Farm |
| 14:15 | Build | Farm |
| 14:22 | Build | Farm |
| 14:39 | Research | Heavy Plow |
| 14:59 | Build | Farm |
| 15:03 | Build | Farm |
| 15:42 | Research | Hand Cart |
| 15:57 | Build | Monastery |
| 16:23 | Build | Town Center |
| 16:24 | Create | Villager (Male) |
| 16:37 | Create | Villager (Male) |
| 16:38 | Create | Villager (Male) |
| 16:42 | Create | Monk |
| 17:12 | Build | Farm |
| 17:16 | Build | Farm |
| 17:17 | Build | Farm |
| 17:26 | Build | Town Center |
| 17:28 | Create | Villager (Male) |
| 17:34 | Create | Villager (Male) |
| 17:34 | Create | Villager (Male) |
| 17:37 | Create | Villager (Male) |
| 17:37 | Create | Villager (Male) |
| 17:53 | Build | Town Center |
| 17:58 | Create | Villager (Male) |
| 18:02 | Build | Farm |
| 18:04 | Create | Villager (Male) |
| 18:13 | Build | House |
| 18:15 | Build | House |
| 18:25 | Create | Villager (Male) |
| 18:26 | Create | Villager (Male) |
| 18:26 | Create | Villager (Male) |
| 18:30 | Build | Farm |
| 18:46 | Create | Villager (Male) |
| 18:48 | Create | Villager (Male) |
| 18:54 | Create | Villager (Male) |
| 19:08 | Build | Town Center |
| 19:10 | Create | Villager (Male) |
| 19:16 | Create | Villager (Male) |
| 19:16 | Create | Villager (Male) |
| 19:17 | Create | Villager (Male) |
| 19:25 | Build | House |
| 19:26 | Build | House |
| 19:27 | Build | House |
| 19:27 | Build | House |
| 19:27 | Build | House |
| 19:29 | Build | House |
| 19:30 | Build | House |
| 19:31 | Build | House |
| 19:32 | Build | House |
| 19:34 | Create | Villager (Male) |
| 19:41 | Create | Villager (Male) |
| 19:46 | Create | Villager (Male) |
| 19:46 | Create | Villager (Male) |
| 20:04 | Build | Town Center |
| 20:05 | Create | Villager (Male) |
| 20:05 | Create | Villager (Male) |
| 20:06 | Create | Villager (Male) |
| 20:08 | Build | Farm |
| 20:16 | Build | Farm |
| 20:18 | Build | Farm |
| 20:19 | Build | Farm |
| 20:23 | Build | Farm |
| 20:32 | Build | Farm |
| 20:35 | Create | Villager (Male) |
| 20:36 | Create | Villager (Male) |
| 20:36 | Create | Villager (Male) |
| 20:41 | Build | Farm |
| 20:50 | Create | Villager (Male) |
| 20:50 | Create | Villager (Male) |
| 20:55 | Create | Villager (Male) |
| 21:00 | Build | Farm |
| 21:02 | Create | Villager (Male) |
| 21:03 | Create | Villager (Male) |
| 21:08 | Build | House |
| 21:09 | Build | House |
| 21:10 | Build | House |
| 21:11 | Build | House |
| 21:11 | Build | House |
| 21:11 | Build | House |
| 21:12 | Build | House |
| 21:12 | Build | House |
| 21:13 | Build | House |
| 21:16 | Build | House |
| 21:16 | Build | House |
| 21:17 | Build | House |
| 21:17 | Build | House |
| 21:23 | Build | Farm |
| 21:26 | Create | Villager (Male) |
| 21:26 | Create | Villager (Male) |
| 21:26 | Create | Villager (Male) |
| 21:34 | Build | Farm |
| 21:35 | Build | Farm |
| 21:36 | Create | Villager (Male) |
| 21:41 | Build | Farm |
Build order — Jingqi
First 150 of 605 actions detected
| 0:01 | Create | Villager (Male) |
| 0:01 | Create | Villager (Male) |
| 0:10 | Build | Lumber Camp |
| 0:21 | Create | Villager (Male) |
| 0:21 | Create | Villager (Male) |
| 1:01 | Create | Villager (Male) |
| 1:23 | Build | House |
| 1:26 | Build | Mill |
| 1:37 | Create | Villager (Male) |
| 1:48 | Create | Villager (Male) |
| 2:17 | Create | Villager (Male) |
| 2:32 | Create | Villager (Male) |
| 2:32 | Create | Villager (Male) |
| 3:31 | Create | Villager (Male) |
| 3:31 | Create | Villager (Male) |
| 3:31 | Create | Villager (Male) |
| 3:33 | Build | House |
| 4:09 | Create | Villager (Male) |
| 4:16 | Create | Villager (Male) |
| 4:47 | Create | Villager (Male) |
| 6:11 | Build | Mining Camp |
| 6:13 | Research | Feudal Age |
| 6:13 | Research | Feudal Age |
| 6:52 | Create | Villager (Male) |
| 6:53 | Create | Villager (Male) |
| 7:36 | Build | House |
| 8:26 | Age | Feudal Age |
| 8:34 | Build | Market |
| 8:37 | Build | Blacksmith |
| 9:11 | Research | Double-Bit Axe |
| 9:14 | Research | Horse Collar |
| 9:25 | Research | Castle Age |
| 9:25 | Research | Castle Age |
| 10:38 | Build | Mining Camp |
| 11:10 | Research | Stone Mining |
| 11:15 | Build | Farm |
| 11:22 | Build | Lumber Camp |
| 11:31 | Build | Farm |
| 12:05 | Age | Castle Age |
| 12:13 | Build | Town Center |
| 12:19 | Create | Villager (Male) |
| 12:20 | Create | Villager (Male) |
| 12:20 | Create | Villager (Male) |
| 12:41 | Create | Villager (Male) |
| 12:48 | Research | Bow Saw |
| 13:26 | Build | Town Center |
| 13:37 | Build | House |
| 13:54 | Create | Villager (Male) |
| 13:54 | Create | Villager (Male) |
| 14:01 | Create | Villager (Male) |
| 14:11 | Research | Heavy Plow |
| 14:26 | Build | Farm |
| 14:33 | Research | Wheelbarrow |
| 14:35 | Build | Farm |
| 14:37 | Build | Farm |
| 14:38 | Build | House |
| 14:41 | Build | House |
| 14:44 | Build | House |
| 15:01 | Build | Farm |
| 15:03 | Build | Farm |
| 15:08 | Create | Villager (Male) |
| 15:14 | Build | Farm |
| 15:23 | Build | Town Center |
| 15:32 | Build | Monastery |
| 15:35 | Create | Villager (Male) |
| 15:40 | Build | Farm |
| 15:44 | Build | Farm |
| 15:54 | Build | Farm |
| 15:56 | Build | Farm |
| 15:58 | Create | Villager (Male) |
| 16:02 | Create | Villager (Male) |
| 16:11 | Build | Farm |
| 16:21 | Create | Monk |
| 16:28 | Build | Farm |
| 16:31 | Build | Farm |
| 16:33 | Create | Villager (Male) |
| 16:36 | Build | Farm |
| 16:43 | Create | Villager (Male) |
| 16:51 | Build | Farm |
| 16:53 | Build | Farm |
| 16:54 | Build | Farm |
| 16:57 | Build | Farm |
| 17:00 | Create | Villager (Male) |
| 17:05 | Build | Farm |
| 17:09 | Build | Farm |
| 17:21 | Create | Villager (Male) |
| 17:22 | Create | Villager (Male) |
| 17:22 | Create | Villager (Male) |
| 17:27 | Create | Villager (Male) |
| 17:34 | Create | Villager (Male) |
| 17:34 | Create | Villager (Male) |
| 17:39 | Build | Farm |
| 17:42 | Create | Villager (Male) |
| 17:47 | Create | Villager (Male) |
| 18:06 | Build | Town Center |
| 18:11 | Create | Villager (Male) |
| 18:17 | Create | Villager (Male) |
| 18:18 | Create | Villager (Male) |
| 18:18 | Create | Villager (Male) |
| 18:19 | Create | Villager (Male) |
| 18:22 | Build | Farm |
| 18:25 | Build | Farm |
| 18:29 | Create | Villager (Male) |
| 18:29 | Create | Villager (Male) |
| 18:35 | Create | Villager (Male) |
| 18:40 | Build | Farm |
| 18:47 | Build | Farm |
| 18:49 | Build | Farm |
| 19:01 | Create | Villager (Male) |
| 19:01 | Create | Villager (Male) |
| 19:02 | Create | Villager (Male) |
| 19:07 | Build | Farm |
| 19:13 | Build | Farm |
| 19:19 | Create | Villager (Male) |
| 19:19 | Create | Villager (Male) |
| 19:19 | Create | Villager (Male) |
| 19:19 | Create | Villager (Male) |
| 19:20 | Create | Villager (Male) |
| 19:20 | Create | Villager (Male) |
| 19:34 | Build | Farm |
| 19:34 | Build | Farm |
| 19:34 | Build | Farm |
| 19:34 | Build | Farm |
| 19:38 | Build | Farm |
| 19:46 | Research | Hand Cart |
| 19:47 | Create | Villager (Male) |
| 19:54 | Create | Villager (Male) |
| 20:04 | Create | Villager (Male) |
| 20:07 | Create | Villager (Male) |
| 20:09 | Build | Farm |
| 20:10 | Create | Villager (Male) |
| 20:16 | Research | Gold Mining |
| 20:20 | Build | Farm |
| 20:21 | Build | House |
| 20:23 | Build | House |
| 20:24 | Build | House |
| 20:28 | Build | House |
| 20:29 | Build | House |
| 20:31 | Build | House |
| 20:32 | Build | House |
| 20:33 | Build | House |
| 20:37 | Build | House |
| 20:42 | Create | Villager (Male) |
| 20:43 | Create | Villager (Male) |
| 20:43 | Create | Villager (Male) |
| 20:46 | Build | House |
| 20:48 | Build | House |
| 20:50 | Build | House |
| 20:52 | Build | House |
| 20:54 | Create | Villager (Male) |
Build order — GastoKill
First 150 of 625 actions detected
| 0:02 | Create | Villager (Male) ×4 |
| 0:02 | Create | Villager (Male) ×4 |
| 0:05 | Build | Lumber Camp |
| 1:20 | Create | Villager (Male) |
| 1:21 | Create | Villager (Male) |
| 2:15 | Build | House |
| 2:21 | Create | Villager (Male) |
| 2:21 | Create | Villager (Male) |
| 2:22 | Create | Villager (Male) |
| 2:25 | Research | Loom |
| 2:25 | Research | Loom |
| 2:26 | Create | Villager (Male) |
| 2:26 | Create | Villager (Male) |
| 2:45 | Create | Villager (Male) |
| 2:46 | Create | Villager (Male) |
| 2:48 | Create | Villager (Male) |
| 2:49 | Create | Villager (Male) |
| 2:54 | Create | Villager (Male) |
| 3:04 | Create | Villager (Male) |
| 3:21 | Build | Mill |
| 3:36 | Build | House |
| 3:42 | Create | Villager (Male) |
| 3:43 | Create | Villager (Male) |
| 3:47 | Build | Mill |
| 4:11 | Create | Villager (Male) |
| 4:11 | Create | Villager (Male) |
| 5:40 | Build | House |
| 5:44 | Create | Villager (Male) |
| 6:08 | Research | Feudal Age |
| 6:35 | Research | Feudal Age |
| 6:44 | Build | Lumber Camp |
| 6:54 | Create | Villager (Male) |
| 6:56 | Research | Feudal Age |
| 7:03 | Create | Villager (Male) |
| 7:06 | Research | Feudal Age |
| 7:32 | Build | Mining Camp |
| 7:57 | Create | Villager (Male) |
| 7:57 | Create | Villager (Male) |
| 8:08 | Build | House |
| 8:20 | Build | Farm |
| 8:21 | Build | Farm |
| 8:22 | Build | Farm |
| 8:22 | Build | Farm |
| 8:23 | Build | Farm |
| 8:24 | Build | Farm |
| 8:24 | Build | Farm |
| 8:25 | Build | Farm |
| 9:13 | Build | Farm |
| 9:14 | Build | Farm |
| 9:15 | Build | Farm |
| 9:58 | Create | Villager (Male) |
| 10:25 | Age | Feudal Age |
| 10:27 | Build | Blacksmith |
| 10:49 | Research | Double-Bit Axe |
| 11:20 | Build | Farm |
| 11:22 | Create | Villager (Male) |
| 11:34 | Build | Market |
| 11:39 | Create | Villager (Male) |
| 12:09 | Create | Villager (Male) |
| 12:32 | Create | Villager (Male) |
| 12:40 | Build | House |
| 12:42 | Build | House |
| 13:05 | Research | Castle Age |
| 13:14 | Research | Horse Collar |
| 13:15 | Research | Gold Mining |
| 13:38 | Build | Mining Camp |
| 13:40 | Create | Villager (Male) |
| 14:17 | Build | House |
| 14:18 | Build | House |
| 14:19 | Build | House |
| 14:50 | Create | Villager (Male) |
| 14:56 | Build | Farm |
| 14:57 | Build | Farm |
| 14:58 | Build | Farm |
| 14:58 | Build | Farm |
| 14:59 | Build | Farm |
| 15:24 | Create | Villager (Male) |
| 16:00 | Age | Castle Age |
| 16:05 | Build | Town Center |
| 16:21 | Build | Town Center |
| 16:27 | Create | Villager (Male) |
| 16:48 | Create | Villager (Male) |
| 16:49 | Research | Stone Mining |
| 17:00 | Create | Villager (Male) |
| 17:10 | Research | Bow Saw |
| 17:12 | Create | Villager (Male) |
| 17:12 | Create | Villager (Male) |
| 17:21 | Create | Villager (Male) |
| 17:22 | Create | Villager (Male) |
| 17:22 | Create | Villager (Male) |
| 17:37 | Research | Heavy Plow |
| 17:39 | Research | Stone Shaft Mining |
| 17:43 | Create | Villager (Male) |
| 17:43 | Create | Villager (Male) |
| 17:45 | Create | Villager (Male) |
| 17:46 | Create | Villager (Male) |
| 18:11 | Create | Villager (Male) |
| 18:11 | Create | Villager (Male) |
| 18:30 | Create | Villager (Male) |
| 18:31 | Create | Villager (Male) |
| 18:46 | Create | Villager (Male) |
| 18:46 | Create | Villager (Male) |
| 19:03 | Build | Town Center |
| 19:06 | Create | Villager (Male) |
| 19:07 | Create | Villager (Male) |
| 19:07 | Create | Villager (Male) |
| 19:20 | Build | Farm |
| 19:23 | Create | Villager (Male) |
| 19:23 | Create | Villager (Male) |
| 19:23 | Create | Villager (Male) |
| 19:42 | Create | Villager (Male) |
| 19:42 | Create | Villager (Male) |
| 19:42 | Create | Villager (Male) |
| 20:19 | Build | Town Center |
| 20:24 | Research | Wheelbarrow |
| 20:28 | Create | Villager (Male) |
| 20:29 | Create | Villager (Male) |
| 20:39 | Build | Farm |
| 20:42 | Create | Villager (Male) |
| 20:42 | Create | Villager (Male) |
| 20:53 | Create | Villager (Male) |
| 20:54 | Create | Villager (Male) |
| 21:08 | Build | Farm |
| 21:10 | Create | Villager (Male) |
| 21:11 | Create | Villager (Male) |
| 21:11 | Create | Villager (Male) |
| 21:23 | Build | Outpost |
| 21:25 | Build | Outpost |
| 21:28 | Build | Outpost |
| 21:29 | Build | Outpost |
| 21:32 | Build | Outpost |
| 21:35 | Build | Outpost |
| 21:37 | Build | Outpost |
| 21:40 | Create | Villager (Male) |
| 21:40 | Create | Villager (Male) |
| 21:40 | Create | Villager (Male) |
| 21:42 | Build | Farm |
| 21:42 | Build | Farm |
| 21:52 | Build | Barracks |
| 21:55 | Create | Villager (Male) |
| 21:55 | Create | Villager (Male) |
| 21:56 | Build | Farm |
| 21:57 | Build | Farm |
| 21:57 | Build | Farm |
| 22:04 | Create | Villager (Male) |
| 22:04 | Create | Villager (Male) |
| 22:04 | Create | Villager (Male) |
| 22:07 | Build | Farm |
| 22:10 | Build | Farm |
| 22:12 | Build | Farm |
Build order — Xaon6636
First 150 of 826 actions detected
| 0:31 | Build | House |
| 0:33 | Build | House |
| 0:34 | Build | House |
| 0:35 | Build | House |
| 0:37 | Build | House |
| 0:38 | Build | House |
| 0:49 | Create | Villager (Male) |
| 0:50 | Create | Villager (Male) |
| 0:50 | Create | Villager (Male) |
| 0:50 | Create | Villager (Male) |
| 0:50 | Create | Villager (Male) |
| 0:50 | Create | Villager (Male) |
| 1:25 | Build | Mill |
| 2:17 | Create | Villager (Male) |
| 2:18 | Create | Villager (Male) |
| 2:18 | Create | Villager (Male) |
| 2:18 | Create | Villager (Male) |
| 3:18 | Create | Villager (Male) |
| 3:18 | Create | Villager (Male) |
| 3:18 | Create | Villager (Male) |
| 3:19 | Create | Villager (Male) |
| 4:02 | Build | Lumber Camp |
| 4:26 | Create | Villager (Male) |
| 4:26 | Create | Villager (Male) |
| 4:26 | Create | Villager (Male) |
| 4:27 | Create | Villager (Male) |
| 5:49 | Build | Barracks |
| 6:23 | Create | Villager (Male) |
| 6:23 | Create | Villager (Male) |
| 6:24 | Create | Villager (Male) |
| 6:24 | Create | Villager (Male) |
| 6:24 | Create | Villager (Male) |
| 6:24 | Create | Villager (Male) |
| 6:25 | Create | Villager (Male) |
| 8:00 | Build | House |
| 8:02 | Build | House |
| 8:05 | Build | House |
| 8:06 | Build | House |
| 8:08 | Build | House |
| 8:10 | Build | House |
| 8:12 | Build | House |
| 8:14 | Build | House |
| 8:16 | Build | House |
| 8:20 | Build | House |
| 8:22 | Build | House |
| 8:24 | Build | House |
| 8:25 | Build | House |
| 8:27 | Build | House |
| 9:34 | Research | Feudal Age |
| 10:10 | Create | Villager (Male) |
| 10:53 | Create | Villager (Male) |
| 10:53 | Create | Villager (Male) |
| 10:54 | Create | Villager (Male) |
| 11:32 | Create | Villager (Male) |
| 11:54 | Build | Market |
| 11:58 | Build | Market |
| 12:04 | Build | Market |
| 12:29 | Build | Mining Camp |
| 12:37 | Create | Villager (Male) |
| 12:37 | Create | Villager (Male) |
| 12:37 | Create | Villager (Male) |
| 12:37 | Create | Villager (Male) |
| 12:58 | Build | Farm |
| 12:59 | Build | Farm |
| 13:04 | Build | Farm |
| 13:05 | Build | Farm |
| 13:06 | Build | Farm |
| 13:08 | Build | Farm |
| 13:09 | Build | Farm |
| 13:11 | Build | Farm |
| 13:27 | Create | Villager (Male) |
| 13:27 | Create | Villager (Male) |
| 13:27 | Create | Villager (Male) |
| 14:00 | Create | Villager (Male) |
| 14:00 | Create | Villager (Male) |
| 14:29 | Build | Mining Camp |
| 14:31 | Create | Villager (Male) |
| 14:31 | Create | Villager (Male) |
| 14:53 | Research | Horse Collar |
| 15:47 | Build | House |
| 15:48 | Build | House |
| 15:49 | Build | House |
| 15:50 | Build | House |
| 15:52 | Build | House |
| 15:53 | Build | House |
| 16:10 | Research | Double-Bit Axe |
| 16:13 | Research | Gold Mining |
| 16:24 | Create | Villager (Male) |
| 16:48 | Create | Trade Cart |
| 16:48 | Create | Trade Cart |
| 16:49 | Create | Trade Cart |
| 16:49 | Create | Trade Cart |
| 16:49 | Create | Trade Cart |
| 16:50 | Create | Trade Cart |
| 16:58 | Create | Villager (Male) |
| 17:11 | Create | Villager (Male) |
| 17:43 | Build | Lumber Camp |
| 17:49 | Research | Stone Mining |
| 18:14 | Build | Blacksmith |
| 18:31 | Create | Villager (Male) |
| 18:31 | Create | Villager (Male) |
| 18:31 | Create | Villager (Male) |
| 18:35 | Build | Farm |
| 18:37 | Build | Farm |
| 18:42 | Build | Farm |
| 18:43 | Build | Farm |
| 18:46 | Build | Farm |
| 18:47 | Build | Farm |
| 18:49 | Build | Farm |
| 18:51 | Build | Farm |
| 18:53 | Build | House |
| 19:02 | Build | Farm |
| 19:05 | Build | Farm |
| 19:06 | Build | Farm |
| 19:08 | Build | Farm |
| 19:23 | Create | Villager (Male) |
| 19:23 | Create | Villager (Male) |
| 19:23 | Create | Villager (Male) |
| 19:23 | Create | Villager (Male) |
| 19:24 | Create | Villager (Male) |
| 19:33 | Create | Trade Cart |
| 19:34 | Create | Trade Cart |
| 19:34 | Create | Trade Cart |
| 19:35 | Create | Trade Cart |
| 19:35 | Create | Trade Cart |
| 19:35 | Create | Trade Cart |
| 19:35 | Create | Trade Cart |
| 19:44 | Create | Villager (Male) |
| 20:08 | Create | Villager (Male) |
| 20:09 | Create | Villager (Male) |
| 20:30 | Create | Villager (Male) |
| 21:34 | Create | Villager (Male) |
| 21:35 | Create | Villager (Male) |
| 22:46 | Create | Villager (Male) |
| 22:50 | Research | Town Watch |
| 22:50 | Research | Wheelbarrow |
| 22:51 | Research | Loom |
| 24:10 | Create | Trade Cart |
| 24:11 | Create | Trade Cart |
| 24:11 | Create | Trade Cart |
| 24:11 | Create | Trade Cart |
| 24:11 | Create | Trade Cart |
| 24:11 | Create | Trade Cart |
| 24:12 | Create | Trade Cart |
| 24:12 | Create | Trade Cart |
| 24:12 | Create | Trade Cart |
| 24:12 | Create | Trade Cart |
| 24:30 | Build | House |
| 24:31 | Build | House |
| 24:32 | Build | House |
Build order — Travelshack
First 150 of 673 actions detected
| 0:05 | Create | Villager (Male) |
| 0:06 | Create | Villager (Male) |
| 0:06 | Create | Villager (Male) |
| 0:06 | Create | Villager (Male) |
| 0:28 | Build | Lumber Camp |
| 0:32 | Build | House |
| 0:34 | Build | House |
| 1:38 | Create | Villager (Male) |
| 2:18 | Create | Villager (Male) |
| 2:46 | Create | Villager (Male) |
| 2:46 | Create | Villager (Male) |
| 3:31 | Create | Villager (Male) |
| 3:31 | Create | Villager (Male) |
| 4:39 | Create | Villager (Male) |
| 4:40 | Create | Villager (Male) |
| 4:58 | Build | Mill |
| 7:01 | Research | Feudal Age |
| 7:02 | Create | Villager (Male) |
| 7:02 | Create | Villager (Male) |
| 7:02 | Create | Villager (Male) |
| 7:22 | Build | Mining Camp |
| 8:08 | Build | Farm |
| 8:10 | Build | Farm |
| 8:12 | Build | Farm |
| 8:15 | Build | Farm |
| 9:11 | Age | Feudal Age |
| 9:21 | Build | Market |
| 9:43 | Create | Villager (Male) |
| 9:43 | Create | Villager (Male) |
| 9:44 | Create | Villager (Male) |
| 10:09 | Build | Blacksmith |
| 10:18 | Build | House |
| 10:20 | Build | House |
| 11:17 | Build | Lumber Camp |
| 11:51 | Research | Castle Age |
| 12:50 | Build | Barracks |
| 13:19 | Research | Double-Bit Axe |
| 13:26 | Research | Horse Collar |
| 13:56 | Build | Farm |
| 14:31 | Age | Castle Age |
| 14:42 | Create | Villager (Male) |
| 14:42 | Create | Villager (Male) |
| 14:43 | Create | Villager (Male) |
| 14:53 | Create | Villager (Male) |
| 15:09 | Build | Town Center |
| 15:33 | Build | Farm |
| 15:48 | Build | Monastery |
| 16:49 | Create | Villager (Male) |
| 16:49 | Create | Villager (Male) |
| 16:49 | Create | Villager (Male) |
| 16:49 | Create | Villager (Male) |
| 16:54 | Research | Wheelbarrow |
| 17:20 | Create | Monk |
| 17:23 | Build | House |
| 17:24 | Build | House |
| 17:26 | Build | House |
| 17:28 | Build | House |
| 17:29 | Build | House |
| 17:34 | Build | House |
| 17:35 | Build | House |
| 17:51 | Create | Villager (Male) |
| 17:51 | Create | Villager (Male) |
| 18:36 | Build | Farm |
| 18:43 | Build | Farm |
| 18:58 | Create | Villager (Male) |
| 18:58 | Create | Villager (Male) |
| 19:25 | Create | Villager (Male) |
| 19:25 | Create | Villager (Male) |
| 19:26 | Create | Villager (Male) |
| 19:55 | Create | Trade Cart |
| 19:55 | Create | Trade Cart |
| 20:07 | Build | Farm |
| 20:26 | Create | Villager (Male) |
| 20:26 | Create | Villager (Male) |
| 20:27 | Create | Villager (Male) |
| 20:35 | Build | Farm |
| 20:40 | Research | Heavy Plow |
| 21:26 | Build | Town Center |
| 22:13 | Build | House |
| 22:14 | Build | House |
| 22:15 | Build | House |
| 22:16 | Build | House |
| 22:38 | Create | Villager (Male) |
| 22:38 | Create | Villager (Male) |
| 22:38 | Create | Villager (Male) |
| 22:53 | Research | Hand Cart |
| 22:54 | Research | Loom |
| 23:27 | Create | Villager (Male) |
| 23:28 | Create | Villager (Male) |
| 23:28 | Create | Villager (Male) |
| 23:33 | Build | Farm |
| 23:38 | Build | Farm |
| 24:36 | Build | Stone Wall |
| 24:51 | Build | University |
| 25:03 | Create | Villager (Male) |
| 25:03 | Create | Villager (Male) |
| 25:03 | Create | Villager (Male) |
| 25:18 | Build | Farm |
| 25:21 | Build | Farm |
| 25:30 | Build | Farm |
| 26:14 | Build | Lumber Camp |
| 26:19 | Research | Bow Saw |
| 26:48 | Research | Stone Mining |
| 26:48 | Research | Gold Mining |
| 26:57 | Build | Farm |
| 27:04 | Build | Farm |
| 27:07 | Build | Farm |
| 27:31 | Build | Stone Wall |
| 28:01 | Build | Stone Wall |
| 28:14 | Create | Villager (Male) |
| 28:14 | Create | Villager (Male) |
| 28:18 | Research | Imperial Age |
| 28:56 | Build | Castle |
| 29:15 | Create | Villager (Male) |
| 29:15 | Create | Villager (Male) |
| 29:16 | Create | Villager (Male) |
| 29:18 | Create | Villager (Male) |
| 29:18 | Create | Villager (Male) |
| 29:19 | Create | Villager (Male) |
| 29:39 | Research | Fortified Wall (upgrade) |
| 29:55 | Research | Forging |
| 30:27 | Build | Farm |
| 30:30 | Build | Farm |
| 30:33 | Build | Farm |
| 30:38 | Build | Farm |
| 30:45 | Build | Farm |
| 31:05 | Create | Villager (Male) |
| 31:05 | Create | Villager (Male) |
| 31:05 | Create | Villager (Male) |
| 31:05 | Create | Villager (Male) |
| 31:15 | Create | Villager (Male) |
| 31:15 | Create | Villager (Male) |
| 31:15 | Create | Villager (Male) |
| 31:16 | Create | Villager (Male) |
| 31:28 | Age | Imperial Age |
| 32:15 | Research | Chemistry |
| 32:17 | Research | Ballistics |
| 32:17 | Research | Arrowslits |
| 32:28 | Build | Farm |
| 32:30 | Build | Farm |
| 32:35 | Build | Farm |
| 32:39 | Research | Crop Rotation |
| 32:49 | Research | Stone Shaft Mining |
| 33:01 | Build | Building 490 |
| 33:16 | Build | Building 490 |
| 34:20 | Build | Archery Range |
| 34:25 | Build | Archery Range |
| 34:26 | Build | Archery Range |
| 35:01 | Build | Mining Camp |
| 35:14 | Create | Villager (Male) |
Build order — marcoslaplacette
First 150 of 639 actions detected
| 0:06 | Build | House |
| 0:08 | Build | House |
| 0:09 | Build | House |
| 0:13 | Build | House |
| 0:15 | Create | Villager (Male) ×4 |
| 0:15 | Create | Villager (Male) ×4 |
| 0:16 | Create | Villager (Male) |
| 1:14 | Create | Villager (Male) |
| 1:14 | Create | Villager (Male) |
| 1:15 | Create | Villager (Male) |
| 2:16 | Create | Villager (Male) |
| 2:34 | Create | Villager (Male) |
| 2:42 | Build | Lumber Camp |
| 2:55 | Create | Villager (Male) |
| 2:55 | Create | Villager (Male) |
| 2:56 | Create | Villager (Male) |
| 3:39 | Create | Villager (Male) |
| 3:39 | Create | Villager (Male) |
| 3:39 | Create | Villager (Male) |
| 3:39 | Create | Villager (Male) |
| 4:02 | Create | Villager (Male) |
| 4:32 | Create | Villager (Male) |
| 4:32 | Create | Villager (Male) |
| 4:48 | Build | Mill |
| 5:28 | Create | Villager (Male) |
| 6:22 | Create | Villager (Male) |
| 6:22 | Create | Villager (Male) |
| 7:19 | Research | Feudal Age |
| 8:07 | Build | Farm |
| 8:08 | Build | Farm |
| 8:10 | Build | Farm |
| 8:14 | Build | Mining Camp |
| 8:53 | Create | Villager (Male) |
| 8:54 | Create | Villager (Male) |
| 8:54 | Create | Villager (Male) |
| 9:29 | Age | Feudal Age |
| 9:34 | Build | Market |
| 9:40 | Build | Market |
| 9:49 | Create | Villager (Male) |
| 10:02 | Build | Farm |
| 10:08 | Build | Farm |
| 10:09 | Build | Farm |
| 10:13 | Build | Farm |
| 10:16 | Create | Villager (Male) |
| 10:23 | Build | Farm |
| 10:34 | Create | Villager (Male) |
| 10:50 | Build | Farm |
| 11:18 | Build | Mining Camp |
| 11:43 | Research | Castle Age |
| 11:43 | Research | Castle Age |
| 12:25 | Build | House |
| 12:26 | Build | House |
| 12:27 | Build | House |
| 12:28 | Build | House |
| 12:29 | Build | House |
| 12:30 | Build | House |
| 12:38 | Research | Double-Bit Axe |
| 12:55 | Create | Villager (Male) |
| 12:56 | Create | Villager (Male) |
| 12:57 | Create | Villager (Male) |
| 12:57 | Create | Villager (Male) |
| 12:57 | Create | Villager (Male) |
| 14:23 | Age | Castle Age |
| 14:30 | Build | Town Center |
| 14:39 | Build | Town Center |
| 14:50 | Build | Town Center |
| 15:00 | Research | Horse Collar |
| 15:03 | Create | Villager (Male) |
| 15:03 | Create | Villager (Male) |
| 15:11 | Build | House |
| 15:24 | Create | Villager (Male) |
| 15:59 | Create | Villager (Male) |
| 15:59 | Create | Villager (Male) |
| 15:59 | Create | Villager (Male) |
| 16:04 | Build | House |
| 16:05 | Build | House |
| 16:06 | Build | House |
| 16:06 | Build | House |
| 16:07 | Build | House |
| 16:08 | Build | House |
| 16:09 | Build | House |
| 16:26 | Create | Villager (Male) |
| 16:27 | Create | Villager (Male) |
| 16:27 | Create | Villager (Male) |
| 16:27 | Create | Villager (Male) |
| 16:27 | Create | Villager (Male) |
| 16:28 | Create | Villager (Male) |
| 16:28 | Create | Villager (Male) |
| 16:28 | Create | Villager (Male) |
| 16:40 | Build | Farm |
| 16:41 | Build | Farm |
| 16:52 | Build | Farm |
| 17:05 | Build | Farm |
| 17:09 | Create | Villager (Male) |
| 17:09 | Create | Villager (Male) |
| 17:09 | Create | Villager (Male) |
| 17:10 | Create | Villager (Male) |
| 17:10 | Create | Villager (Male) |
| 17:16 | Build | Farm |
| 17:21 | Build | Farm |
| 17:30 | Build | Farm |
| 17:47 | Create | Villager (Male) |
| 17:47 | Create | Villager (Male) |
| 17:48 | Create | Villager (Male) |
| 17:48 | Create | Villager (Male) |
| 17:48 | Create | Villager (Male) |
| 17:52 | Create | Villager (Male) |
| 18:05 | Build | Farm |
| 18:06 | Build | Farm |
| 18:08 | Build | Farm |
| 18:09 | Build | Farm |
| 18:12 | Build | Farm |
| 18:14 | Build | Farm |
| 18:20 | Create | Villager (Male) |
| 18:20 | Create | Villager (Male) |
| 18:21 | Create | Villager (Male) |
| 18:21 | Create | Villager (Male) |
| 18:21 | Create | Villager (Male) |
| 18:28 | Build | Farm |
| 18:33 | Build | Farm |
| 18:37 | Build | Farm |
| 18:42 | Build | Farm |
| 18:48 | Create | Villager (Male) |
| 18:49 | Create | Villager (Male) |
| 18:49 | Create | Villager (Male) |
| 18:49 | Create | Villager (Male) |
| 18:49 | Create | Villager (Male) |
| 18:53 | Create | Villager (Male) |
| 18:53 | Create | Villager (Male) |
| 18:53 | Create | Villager (Male) |
| 19:04 | Build | House |
| 19:05 | Build | House |
| 19:13 | Create | Villager (Male) |
| 19:13 | Create | Villager (Male) |
| 19:13 | Create | Villager (Male) |
| 19:14 | Create | Villager (Male) |
| 19:14 | Create | Villager (Male) |
| 19:27 | Build | Town Center |
| 19:36 | Create | Villager (Male) |
| 19:36 | Create | Villager (Male) |
| 19:37 | Create | Villager (Male) |
| 19:37 | Create | Villager (Male) |
| 19:39 | Create | Villager (Male) |
| 19:44 | Create | Villager (Male) |
| 19:44 | Create | Villager (Male) |
| 19:44 | Create | Villager (Male) |
| 20:00 | Build | Farm |
| 20:02 | Build | Farm |
| 20:06 | Build | Farm |
| 20:12 | Create | Villager (Male) |
Build order — saglik04
First 150 of 953 actions detected
| 0:29 | Create | Villager (Male) |
| 0:29 | Create | Villager (Male) |
| 0:29 | Create | Villager (Male) |
| 0:29 | Create | Villager (Male) |
| 0:38 | Build | Mill |
| 1:54 | Build | Lumber Camp |
| 2:05 | Research | Loom |
| 2:08 | Create | Villager (Male) |
| 2:34 | Create | Villager (Male) |
| 2:40 | Research | Loom |
| 2:41 | Create | Villager (Male) |
| 2:47 | Build | House |
| 3:15 | Build | House |
| 3:27 | Create | Villager (Male) |
| 3:46 | Build | House |
| 4:00 | Create | Villager (Male) |
| 4:16 | Create | Villager (Male) |
| 4:32 | Create | Villager (Male) |
| 4:34 | Create | Villager (Male) |
| 5:37 | Build | Lumber Camp |
| 5:47 | Create | Villager (Male) |
| 5:50 | Create | Villager (Male) |
| 6:11 | Build | Mill |
| 6:16 | Create | Villager (Male) |
| 6:52 | Build | Farm |
| 6:57 | Build | Farm |
| 6:59 | Create | Villager (Male) |
| 8:07 | Create | Villager (Male) |
| 8:08 | Create | Villager (Male) |
| 8:18 | Create | Villager (Male) |
| 8:19 | Create | Villager (Male) |
| 8:44 | Build | Farm |
| 8:45 | Build | Farm |
| 8:53 | Build | Farm |
| 9:34 | Research | Feudal Age |
| 9:50 | Build | Farm |
| 9:51 | Build | Farm |
| 9:53 | Build | Farm |
| 10:04 | Build | Farm |
| 10:10 | Build | House |
| 10:45 | Build | House |
| 11:48 | Build | House |
| 11:49 | Build | House |
| 11:57 | Age | Feudal Age |
| 12:01 | Research | Wheelbarrow |
| 12:05 | Research | Double-Bit Axe |
| 12:08 | Research | Horse Collar |
| 12:46 | Build | Market |
| 13:03 | Build | House |
| 13:04 | Build | House |
| 13:05 | Build | House |
| 13:11 | Create | Villager (Male) |
| 13:11 | Create | Villager (Male) |
| 13:16 | Build | Farm |
| 13:17 | Build | Farm |
| 14:00 | Create | Villager (Male) |
| 14:06 | Build | Lumber Camp |
| 14:18 | Build | Blacksmith |
| 14:29 | Create | Villager (Male) |
| 14:36 | Build | House |
| 14:37 | Build | House |
| 14:48 | Research | Town Watch |
| 15:22 | Research | Castle Age |
| 15:46 | Build | House |
| 15:47 | Build | House |
| 15:48 | Build | House |
| 15:54 | Build | Lumber Camp |
| 18:02 | Age | Castle Age |
| 18:08 | Build | Town Center |
| 18:11 | Research | Bow Saw |
| 18:18 | Research | Hand Cart |
| 18:31 | Build | Town Center |
| 18:40 | Create | Villager (Male) |
| 18:41 | Create | Villager (Male) |
| 18:41 | Create | Villager (Male) |
| 18:47 | Build | Farm |
| 18:48 | Build | Farm |
| 18:51 | Build | Farm |
| 18:53 | Build | Farm |
| 18:54 | Build | Farm |
| 18:56 | Research | Heavy Plow |
| 19:07 | Create | Villager (Male) |
| 19:07 | Create | Villager (Male) |
| 19:07 | Create | Villager (Male) |
| 19:08 | Create | Villager (Male) |
| 19:08 | Create | Villager (Male) |
| 19:08 | Create | Villager (Male) |
| 19:48 | Build | Farm |
| 19:53 | Create | Villager (Male) |
| 19:54 | Create | Villager (Male) |
| 19:54 | Create | Villager (Male) |
| 19:54 | Create | Villager (Male) |
| 19:54 | Create | Villager (Male) |
| 20:11 | Build | House |
| 20:13 | Build | House |
| 20:14 | Build | House |
| 20:20 | Create | Villager (Male) |
| 20:29 | Create | Villager (Male) |
| 20:30 | Create | Villager (Male) |
| 20:31 | Create | Villager (Male) |
| 20:35 | Build | Mining Camp |
| 20:44 | Create | Villager (Male) |
| 20:45 | Create | Villager (Male) |
| 21:13 | Build | Town Center |
| 21:19 | Create | Villager (Male) |
| 21:20 | Create | Villager (Male) |
| 21:28 | Create | Villager (Male) |
| 21:28 | Create | Villager (Male) |
| 21:34 | Create | Villager (Male) |
| 21:35 | Create | Villager (Male) |
| 21:35 | Create | Villager (Male) |
| 21:46 | Build | Market |
| 21:58 | Create | Villager (Male) |
| 22:11 | Create | Villager (Male) |
| 22:12 | Create | Villager (Male) |
| 22:18 | Build | Market |
| 22:21 | Build | Market |
| 22:28 | Build | House |
| 22:29 | Build | House |
| 22:29 | Build | House |
| 22:30 | Build | House |
| 22:32 | Build | House |
| 22:33 | Build | House |
| 22:34 | Build | House |
| 22:36 | Build | House |
| 22:38 | Build | House |
| 22:38 | Build | House |
| 22:40 | Build | House |
| 22:41 | Build | House |
| 22:53 | Create | Villager (Male) |
| 22:53 | Create | Villager (Male) |
| 22:54 | Create | Villager (Male) |
| 22:54 | Create | Villager (Male) |
| 22:54 | Create | Villager (Male) |
| 22:54 | Create | Villager (Male) |
| 22:55 | Create | Villager (Male) |
| 23:08 | Build | Market |
| 23:10 | Build | Market |
| 23:12 | Build | Market |
| 23:24 | Create | Villager (Male) |
| 23:25 | Create | Villager (Male) |
| 23:25 | Create | Villager (Male) |
| 23:29 | Create | Villager (Male) |
| 23:30 | Create | Villager (Male) |
| 23:34 | Create | Villager (Male) |
| 23:34 | Create | Villager (Male) |
| 23:34 | Create | Villager (Male) |
| 23:40 | Create | Villager (Male) |
| 23:41 | Create | Villager (Male) |
| 23:45 | Research | Caravan |
Match timeline
| 5:49 | Xaon6636 · first_building Barracks |
| 8:26 | Jingqi · age_up feudal |
| 9:11 | Travelshack · age_up feudal |
| 9:29 | marcoslaplacette · age_up feudal |
| 9:42 | SunZong · age_up feudal |
| 10:20 | IsaacNewton · age_up feudal |
| 10:25 | GastoKill · age_up feudal |
| 11:57 | saglik04 · age_up feudal |
| 12:00 | Jingqi · first_market_buy 100 wood |
| 12:05 | Jingqi · age_up castle |
| 12:50 | Travelshack · first_building Barracks |
| 13:12 | SunZong · age_up castle |
| 14:10 | saglik04 · first_market_sell 100 wood |
| 14:23 | marcoslaplacette · age_up castle |
| 14:31 | Travelshack · age_up castle |
| 15:32 | Jingqi · first_building Monastery |
| 15:48 | Travelshack · first_building Monastery |
| 15:57 | SunZong · first_building Monastery |
| 16:00 | GastoKill · age_up castle |
| 16:16 | GastoKill · first_market_buy 100 wood |
| 18:02 | saglik04 · age_up castle |
| 19:14 | IsaacNewton · wall_segment Palisade Wall x1 |
| 19:15 | IsaacNewton · wall_segment Palisade Wall x1 |
| 20:53 | IsaacNewton · age_up castle |
| 21:03 | saglik04 · first_market_buy 100 stone |
| 21:52 | GastoKill · first_building Barracks |
| 23:10 | GastoKill · first_building Stable |
| 23:13 | GastoKill · first_building Archery Range |
| 23:19 | GastoKill · first_building Monastery |
| 23:41 | GastoKill · wall_segment Stone Wall x70 |
| 24:10 | saglik04 · first_building Barracks |
| 24:36 | Travelshack · wall_segment Stone Wall x12 |
| 25:12 | GastoKill · wall_segment Stone Wall x26 |
| 26:20 | Jingqi · age_up imperial |
| 26:48 | GastoKill · first_building Siege Workshop |
| 27:10 | marcoslaplacette · first_building Monastery |
| 27:20 | IsaacNewton · first_building Castle |
| 27:31 | Travelshack · wall_segment Stone Wall x48 |
| 27:55 | Jingqi · first_building Siege Workshop |
| 28:01 | Travelshack · wall_segment Stone Wall x40 |
| 28:26 | marcoslaplacette · wall_segment Stone Wall x52 |
| 28:46 | marcoslaplacette · wall_segment Stone Wall x20 |
| 28:53 | IsaacNewton · wall_segment Stone Wall x38 |
| 28:56 | Travelshack · first_building Castle |
| 28:57 | IsaacNewton · wall_segment Stone Wall x26 |
| 29:29 | GastoKill · age_up imperial |
| 29:36 | saglik04 · first_building Monastery |
| 29:51 | GastoKill · wall_segment Stone Wall x5 |
| 30:20 | GastoKill · first_building Castle |
| 30:37 | marcoslaplacette · age_up imperial |
| 30:57 | GastoKill · wall_segment Stone Wall x14 |
| 31:16 | Xaon6636 · first_building Castle |
| 31:28 | Travelshack · age_up imperial |
| 31:48 | SunZong · age_up imperial |
| 32:23 | SunZong · first_building Castle |
| 32:48 | SunZong · first_building Barracks |
| 33:09 | IsaacNewton · first_building Barracks |
| 33:13 | marcoslaplacette · first_building Castle |
| 33:17 | IsaacNewton · first_building Siege Workshop |
| 33:54 | SunZong · first_building Stable |
| 34:08 | IsaacNewton · age_up imperial |
| 34:19 | GastoKill · wall_segment Stone Wall x12 |
| 34:20 | Travelshack · first_building Archery Range |
| 34:38 | marcoslaplacette · first_building Siege Workshop |
| 34:45 | saglik04 · wall_segment Stone Wall x25 |
| 35:12 | saglik04 · wall_segment Stone Wall x6 |
| 36:06 | saglik04 · first_building Siege Workshop |
| 36:09 | Xaon6636 · first_market_buy 100 wood |
| 36:33 | IsaacNewton · first_building Monastery |
| 36:38 | Xaon6636 · first_building Stable |
| 38:24 | SunZong · wall_segment Stone Wall x5 |
| 38:34 | IsaacNewton · first_market_sell 100 wood |
| 38:36 | SunZong · wall_segment Stone Wall x2 |
| 38:39 | SunZong · wall_segment Stone Wall x20 |
| 38:39 | IsaacNewton · first_market_buy 100 stone |
| 38:46 | SunZong · wall_segment Stone Wall x39 |
| 38:50 | marcoslaplacette · first_building Stable |
| 38:52 | SunZong · wall_segment Stone Wall x11 |
| 38:57 | saglik04 · wall_segment Stone Wall x17 |
| 38:59 | SunZong · wall_segment Stone Wall x22 |
| 39:46 | Travelshack · first_building Stable |
| 40:01 | saglik04 · wall_segment Stone Wall x12 |
| 40:34 | SunZong · first_market_buy 500 stone |
| 40:39 | SunZong · first_market_sell 500 food |
| 41:47 | saglik04 · wall_segment Stone Wall x17 |
| 41:55 | saglik04 · first_building Castle |
| 42:02 | marcoslaplacette · first_building Barracks |
| 42:05 | IsaacNewton · resign |
| 42:06 | Xaon6636 · first_market_sell 100 food |
| 43:17 | Travelshack · first_building Siege Workshop |
| 43:39 | saglik04 · wall_segment Stone Wall x5 |
| 44:47 | Jingqi · first_building Barracks |
| 44:53 | saglik04 · first_building Archery Range |
| 45:09 | saglik04 · age_up imperial |
| 45:47 | SunZong · wall_segment Stone Wall x3 |
| 45:55 | SunZong · wall_segment Stone Wall x3 |
| 46:31 | Jingqi · first_building Archery Range |
| 46:37 | Jingqi · first_building Stable |
| 48:55 | SunZong · wall_segment Stone Wall x11 |
| 48:59 | SunZong · wall_segment Stone Wall x10 |
| 49:38 | SunZong · wall_segment Stone Wall x1 |
| 49:39 | SunZong · wall_segment Stone Wall x1 |
| 50:05 | SunZong · wall_segment Stone Wall x5 |
| 50:34 | SunZong · first_building Siege Workshop |
| 52:24 | Xaon6636 · first_building Archery Range |
| 54:24 | SunZong · wall_segment Stone Wall x16 |
| 56:26 | saglik04 · wall_segment Stone Wall x14 |
| 58:35 | GastoKill · first_market_sell 100 food |
| 59:40 | saglik04 · tribute_sent a jugador 1 |
| 59:40 | saglik04 · tribute_sent a jugador 2 |
| 59:40 | saglik04 · tribute_sent a jugador 3 |
| 59:40 | saglik04 · tribute_sent a jugador 4 |
| 59:40 | saglik04 · tribute_sent a jugador 5 |
| 59:40 | saglik04 · tribute_sent a jugador 6 |
| 59:40 | saglik04 · tribute_sent a jugador 7 |
[ AI ANALYSIS · 1 CREDIT ]
What really happened in this match?
Wolo.gg analyzes every decision: build order, eco, micro, common mistakes by bracket. Personalized analysis on WhatsApp or Discord in 30 seconds.
Civ guide
Mongols
Map guide
Michi
Perfil
Jugador #4124521